 Dungeon Crawl Stone Soup version 0.29.1-13-g9f3cf754e1 (webtiles) character file.

Game seed: 968780754865911698

440 Thatpatchoflichen the Shooter (level 6, -7/39 HPs)
             Began as a Deep Elf Hunter on Jan 25, 2023.
             Mangled by an ogre
             ... wielding a +0 giant club
              (8 damage)
             ... on level 4 of the Dungeon.
             The game lasted 00:10:42 (3055 turns).

Thatpatchoflichen the Shooter (Deep Elf Hunter)     Turns: 3055, Time: 00:10:43

Health: -7/39      AC: 14    Str:  8    XL:     6   Next: 70%
Magic:  8/8        EV:  9    Int: 14    God:
Gold:   233        SH:  0    Dex: 20    Spells: 5/5 levels left

rFire   + . .      SeeInvis .   s - +0 longbow
rCold   . . .      Faith    .   (shield currently unavailable)
rNeg    . . .      Spirit   .   j - +6 scale mail of Amorality {rF+ Will+ Regen+}
rPois   .          Reflect  .   (no helmet)
rElec   .          Harm     .   p - +0 cloak
rCorr   .          Rampage  .   q - +0 pair of gloves
Will    +....                   (no boots)
Stlth   +.........              (no amulet)
HPRegen 0.93/turn               h - ring of flight
MPRegen 0.11/turn               (no ring)

@: flying
A: no striking features
a: no special abilities


You were on level 4 of the Dungeon.
You visited 1 branch of the dungeon, and saw 5 of its levels.

You collected 233 gold pieces.

Inventory:

Hand Weapons
 a - a +0 shortbow
 s - a +0 longbow (weapon)
Missiles
 m - 3 poisoned darts
Armour
 j - the +6 scale mail of Amorality (worn) {rF+ Will+ Regen+}
   (You found it on level 2 of the Dungeon)

   rF:        It protects you from fire.
   Regen:     It increases your rate of health regeneration.
   Will:      It increases your willpower.
 p - a +0 cloak (worn)
 q - a +0 pair of gloves (worn)
Jewellery
 h - a ring of flight (left hand)
Scrolls
 b - a scroll of immolation
 c - a scroll of magic mapping {unknown}
 f - a scroll of butterflies {unknown}
 i - 2 scrolls of teleportation {unknown}
 l - 4 scrolls of identify {unknown}
 n - a scroll of fear {unknown}
 r - a scroll of amnesia {unknown}
Potions
 d - a potion of lignification {unknown}
 e - a potion of mutation {unknown}
 g - a potion of berserk rage {unknown}
 k - a potion of flight {unknown}
 o - a potion of might {unknown}
 t - a potion of resistance {unknown}


   Skills:
 * Level 4.7 Fighting
 - Level 6.0 Ranged Weapons
 + Level 5.0 Dodging
 - Level 2.0 Stealth


You had 5 spell levels left.
You didn't know any spells.
Your spell library contained the following spells:

 Spells                   Type           Power      Damage    Failure   Level
 Blink                    Tloc           0%         N/A       99%         2
 Call Canine Familiar     Summ           0%         N/A       100%        3
 Lesser Beckoning         Tloc           0%         N/A       100%        3
 Portal Projectile        Hex/Tloc       0%         N/A       100%        3
 Leda's Liquefaction      Hex/Erth       0%         N/A       100%        4
 Manifold Assault         Tloc           0%         N/A       100%        5


Dungeon Overview and Level Annotations

Branches:
Dungeon (5/15)
 Temple: D:4-7

Altars:
Kikubaaqudgha
Ru
Zin

Shops:
D:1 *


Message History

You kill the kobold!
You see here a +0 club.
Done exploring.
Done exploring.
You see here a +0 club.
You see here an adder corpse.
There is a stone staircase leading down here.
You fly downwards.
There is a stone staircase leading up here.
You reach down and open the door.
There is an open door here.
t - a fizzy green potion
Found a stone staircase leading down.
There is a stone staircase leading down here.
You fly downwards.
The ogre shouts!
The ufetubus shouts!
There is a stone staircase leading up here.
Fire: s) +0 longbow
Press: ? - help, Q - select action, (/) - cycle Shift-Dir - straight line, f - ogre
Aim: an ogre, wielding a +0 giant club (78% to hit)
You shoot an arrow. The arrow hits the ogre.
The ogre is lightly wounded.
Unknown command.
Fire: s) +0 longbow
Press: ? - help, Q - select action, (/) - cycle Shift-Dir - straight line, f/p - ogre
Aim: an ogre, wielding a +0 giant club (lightly wounded, 78% to hit)
You shoot an arrow. The arrow barely misses the ogre.
The ogre hits you with a +0 giant club!!
Ouch! That really hurt!
* * * LOW HITPOINT WARNING * * *
Fire: s) +0 longbow
Press: ? - help, Q - select action, (/) - cycle Shift-Dir - straight line, f/p - ogre
Aim: an ogre, wielding a +0 giant club (lightly wounded, 78% to hit)
Okay, then.
You fly upwards.
There is a stone staircase leading down here.
The ogre hits you with a +0 giant club!
* * * LOW HITPOINT WARNING * * *
The ogre attacks as you move away! The ogre hits you with a +0 giant club!
You die...

##############.####.###
#.# #.# #.# #.# #.#
#####.# #...O.####.#
#.##>@.....# #.#######
#.# ..# ####


You could see an ogre.

Vanquished Creatures
  Grinder (D:3)
  A hound (D:4)
  2 orc priests (D:3)
  An orc wizard (D:3)
  3 gnolls (D:3)
  3 adders
  2 dart slugs
  A worm (D:2)
  7 orcs
  7 endoplasms
  3 giant cockroaches
  6 hobgoblins
  2 quokkas
  8 ball pythons
  6 bats
  6 frilled lizards
  2 goblins
  9 kobolds
  2 rats
72 creatures vanquished.

Notes
Turn   | Place    | Note
-------+----------+-------------------------------------------
     0 | D:1      | Thatpatchoflichen the Deep Elf Hunter began the quest for
                  | the Orb.
     0 | D:1      | Reached XP level 1. HP: 12/12 MP: 3/3
   158 | D:1      | Found Kabadd's Assorted Antiques.
   167 | D:1      | Reached XP level 2. HP: 16/17 MP: 4/4
   948 | D:1      | Found a faded altar of an unknown god.
  1128 | D:2      | Identified the +6 scale mail of Amorality {rF+ Will+
                  | Regen+}
  1216 | D:2      | Reached XP level 3. HP: 21/21 MP: 5/5
  1575 | D:2      | Found a sacrificial altar of Ru.
  1603 | D:3      | Found a glowing silver altar of Zin.
  2115 | D:4      | Reached XP level 4. HP: 27/27 MP: 6/6
  2120 | D:3      | Found an ancient bone altar of Kikubaaqudgha.
  2206 | D:3      | Reached skill level 6 in Ranged Weapons
  2490 | D:3      | Reached XP level 5. HP: 32/32 MP: 7/7
  2908 | D:3      | Noticed Grinder
  2909 | D:3      | Paralysed by Grinder for 3 turns
  2925 | D:3      | Killed Grinder
  2926 | D:3      | Reached skill level 5 in Dodging
  2926 | D:3      | Reached XP level 6. HP: 39/39 MP: 8/8
  3049 | D:5      | Entered Level 5 of the Dungeon
  3054 | D:4      | HP: 1/39 [ogre/+0 giant club (12)]
  3055 | D:4      | Mangled by an ogre

Illustrated notes

Levels and vault maps discovered:
D:1:      shiori_shiawase, layout_loops_corners, basic_ecumenical_altar,
          serial_shops, nicolae_shop_overgrown_old_shop, roderic_malta_cross,
          hangedman_feature_mirror
D:2:      layout_basic, basic_altar
D:3:      layout_basic, amcnicky_altar_gilded, zin_scriptorium,
          minmay_fractal_squares_gapless_5, uniq_grinder
D:4:      cheibrodos_greedy_goblins, layout_basic, minmay_puff
D:5:      layout_loops_ring, minmay_overflow_temple_star_hex, st_stairs_4,
          sigmund_edmund_badplayer, uniq_sigmund

Skill      XL: |  1  2  3  4  5 |
---------------+----------------+-----
Fighting       | 2 3 4 |  4.7
Stealth        | 2 |  2.0
Dodging        | 3 5 |  5.0
Ranged Weapons | 6 |  6.0

Action                   |  1- 3 |  4- 6 || total
-------------------------+-------+-------++-------
 Fire: Shortbow          |   116 |    59 ||   175
       Longbow           |       |    20 ||    20
Armor: Leather armour    |     6 |       ||     6
       Scale mail        |    22 |    51 ||    73
Dodge: Dodged            |    34 |    34 ||    68
